 Dungeon Crawl Stone Soup version 0.26-a0-501-g5717042 (webtiles) character file.

Game seed: 11345777819517149636

128 robertstho the Magician (level 4, -6/24 HPs)
             Began as a Deep Elf Hedge Wizard on Aug 7, 2020.
             Shot with an arrow by a centaur (9 damage)
             ... on level 4 of the Dungeon.
             The game lasted 00:06:28 (3907 turns).

robertstho the Magician (Deep Elf Hedge Wizard)     Turns: 3907, Time: 00:06:29

Health: -6/24      AC:  3    Str:  7    XL:     4   Next: 87%
Magic:  8/14       EV: 13    Int: 20    God:
Gold:   144        SH:  0    Dex: 14    Spells: 2/15 levels left

rFire    . . .     SeeInvis .   u - +2 whip (pain)
rCold    + . .     Faith    .   (no shield)
rNeg     . . .     Spirit   .   b - +0 robe
rPois    .         Reflect  .   c - +0 hat
rElec    .         Harm     .   x - +0 cloak {MR+}
rCorr    +                      (no gloves)
MR       +....                  (no boots)
Stlth    ++........             (no amulet)
HPRegen  0.08/turn              p - ring of protection from cold
MPRegen  0.14/turn              n - ring of resist corrosion

@: no status effects
A: no striking features
a: no special abilities


You were on level 4 of the Dungeon.
You visited 1 branch of the dungeon, and saw 4 of its levels.

You collected 144 gold pieces.

Inventory:

Hand Weapons
 a - a +0 dagger
 u - a +2 whip of pain (weapon)
 w - a +4 quarterstaff of chaos
Missiles
 i - 8 curare-tipped darts (quivered)
Armour
 b - a +0 robe (worn)
 c - a +0 hat (worn)
 x - a +0 cloak of magic resistance (worn)
Jewellery
 n - a ring of resist corrosion (right hand)
 p - a ring of protection from cold (left hand)
Scrolls
 d - a scroll of magic mapping
 g - a scroll of remove curse {unknown}
 h - 2 scrolls of fog {unknown}
 k - 3 scrolls of identify
 m - a scroll of random uselessness {unknown}
 r - a scroll of amnesia {unknown}
 s - a scroll of teleportation {unknown}
 v - a scroll of enchant armour {unknown}
 y - a scroll of noise {unknown}
Potions
 e - 2 potions of heal wounds
 f - 2 potions of brilliance {unknown}
 j - a potion of stabbing {unknown}
 l - 3 potions of curing {unknown}
 o - a potion of resistance {unknown}
 q - a potion of haste {unknown}
 t - a potion of flight {unknown}


   Skills:
 + Level 0.7 Fighting
 + Level 2.7 Dodging
 * Level 3.0 Stealth
 * Level 6.4 Spellcasting
 * Level 2.3 Conjurations
 + Level 1.4 Summonings
 + Level 1.1 Translocations


You had 2 spell levels left.
You knew the following spells:

 Your Spells              Type           Power        Failure   Level
a - Magic Dart            Conj           ###.         3%          1
b - Blink                 Tloc           N/A          10%         2
c - Call Imp              Summ           ##......     9%          2
d - Slow                  Hex            #.......     16%         2
e - Conjure Flame         Conj/Fire      ##......     19%         3
f - Mephitic Cloud        Conj/Pois/Air  #.......     22%         3

Your spell library contained the following spells:

 Spells                   Type           Power        Failure   Level


Dungeon Overview and Level Annotations

Branches:
Dungeon (4/15)
 Temple: D:4-7

Altars:
Ashenzari


Message History

It is covered in frost.
The centaur shoots an arrow.
The arrow hits you.
The centaur shoots an arrow.
The arrow hits you! The arrow freezes you.
* * * LOW HITPOINT WARNING * * *
The centaur shoots an arrow.
The arrow hits you.
* * * LOW HITPOINT WARNING * * *
You see here an arrow.
Casting: Call Imp (safe; 9% risk of failure)
Confirm with . or Enter, or press ? or * to list all spells.
A beastly little devil appears in a puff of flame.
The centaur shoots an arrow.
The arrow hits your crimson imp. The arrow freezes your crimson imp.
You swap places.
The centaur shoots an arrow.
The arrow hits your crimson imp! The arrow freezes your crimson imp.
Your crimson imp dies!
Your crimson imp blinks!
Casting: Call Imp (safe; 9% risk of failure)
Confirm with . or Enter, or press ? or * to list all spells.
A beastly little devil appears in a puff of flame.
The centaur shoots an arrow.
The arrow hits you!
You die...

############.##
#..5@§(...>....
#5#####c####..
#.# #'# #.# ♣c♣
#.# ... #.# .#?
###.# .# #.
#...# . .
#.####♣♣ ♣♣


You could see a centaur and 2 friendly crimson imps.

Vanquished Creatures
  2 adders
  2 dart slugs
  2 leopard geckos
  A ball python (D:1)
  4 giant cockroaches
  6 goblins
  6 hobgoblins
  2 jackals (D:3)
  6 bats
  6 frilled lizards
  6 kobolds
  6 rats
49 creatures vanquished.

Vanquished Creatures (collateral kills)
  Crazy Yiuf (D:3)
  4 adders
  An ooze (D:3)
  3 worms
  A giant cockroach (D:3)
  3 jackals (D:3)
  A kobold (D:3)
  A frilled lizard (D:2)
15 creatures vanquished.

Grand Total: 64 creatures vanquished

Notes
Turn   | Place    | Note
-------+----------+-------------------------------------------
     0 | D:1      | robertstho the Deep Elf Hedge Wizard began the quest for
                  | the Orb.
     0 | D:1      | Reached XP level 1. HP: 10/10 MP: 7/7
   280 | D:1      | Reached skill level 5 in Spellcasting
   280 | D:1      | Reached XP level 2. HP: 5/16 MP: 0/10
   643 | D:1      | Reached XP level 3. HP: 20/20 MP: 0/11
  1226 | D:2      | Found a shattered altar of Ashenzari.
  1762 | D:2      | Learned a level 2 spell: Blink
  1765 | D:2      | Learned a level 2 spell: Call Imp
  1768 | D:2      | Learned a level 2 spell: Slow
  1772 | D:2      | Learned a level 3 spell: Conjure Flame
  1776 | D:2      | Learned a level 3 spell: Mephitic Cloud
  2096 | D:2      | Reached XP level 4. HP: 24/24 MP: 9/13
  2465 | D:2      | Reached skill level 6 in Spellcasting
  3422 | D:3      | Found a runed translucent door.
  3423 | D:3      | Noticed Crazy Yiuf
  3579 | D:3      | Killed Crazy Yiuf
  3901 | D:4      | Noticed a centaur
  3907 | D:4      | Shot with an arrow by a centaur

Illustrated notes

Levels and vault maps discovered:
D:1:      dpeg_arrival_round_c, layout_basic, minmay_shallow_snake_nest
D:2:      layout_basic, evilmike_ruin_ashenzari
D:3:      layout_loops_cross, uniq_crazy_yiuf_cottage
D:4:      layout_basic, serial_shops, nicolae_shop_trees,
          kennysheep_generic_room_8

Skill      XL: |  1  2  3  4 |
---------------+-------------+-----
Spellcasting   | 5 6 |  6.4
Conjurations   | 2 |  2.3
Stealth        | 3 |  3.0
Fighting       | |  0.7
Dodging        | |  2.7
Summonings     | |  1.4
Translocations | |  1.1

Action                   |  1- 3 |  4- 6 || total
-------------------------+-------+-------++-------
Melee: Dagger            |     5 |     4 ||     9
       Whip              |       |     4 ||     4
 Cast: Magic Dart        |   106 |    16 ||   122
       Call Imp          |     2 |    32 ||    34
       Mephitic Cloud    |       |     1 ||     1
  Use: Potion            |     2 |       ||     2
       Scroll            |     2 |       ||     2
 Stab: Sleeping          |       |     3 ||     3
       Confused          |       |     1 ||     1
Armor: Robe              |     2 |     2 ||     4
Dodge: Dodged            |    14 |     5 ||    19

Table legend: (Time is in decaauts)
 A = Elapsed time spent in this place.
 B = Non-inter-level travel time spent in this place.
 C = Inter-level travel time spent in this place.
 D = Time resting spent in this place.
 E = Time spent auto-exploring this place.
 F = Levels seen in this place.
 G = Mean time per level.
                   A        B        C        D        E       F      G
               +--------+--------+--------+--------+--------+-----+--------+
         Total |   3905 |   3812 |     93 |    589 |   2766 |   4 |  976.2 |
       Dungeon |   3905 |   3812 |     93 |    589 |   2766 |   4 |  976.2 |
               +--------+--------+--------+--------+--------+-----+--------+

Top non-repeatable levels by time:
     D:2: 1506 daAuts
     D:1: 1165 daAuts
     D:3: 1049 daAuts
     D:4: 183 daAuts
